Sabres vs Islanders
Created - November 25, 2025 at 19:15
Goals
|
| Sabres |
1 |
2 |
2 |
5 |
| Islanders |
2 |
0 |
1 |
3 |
|
Shots
|
| Sabres |
10 |
14 |
12 |
36 |
| Islanders |
11 |
6 |
8 |
25 |
|
1st period
1. Islanders , Vladimir Tarasenko 4 (Gabriel Carlsson 1) at 15:53
2. Sabres , Teuvo Teravainen 1 (Shayne Gostisbehere 4, Steven Stamkos 7) at 16:01
3. Islanders , Ryan Ellis 2 (Brayden Schenn 6) at 19:02 (PP)
Penalties :
Corey Perry (Buf) for Slashing (Minor) at 9:34, Tyler Ennis (Buf) for Hooking (Minor) at 18:44
2nd period
4. Sabres , Steven Stamkos 7 (Chris Kreider 5, Justin Schultz 2) at 14:50
5. Sabres , Tyler Ennis 3 (Justin Schultz 3, Mark Stone 3) at 16:52
Penalties :
No Penalty
3rd period
6. Sabres , Charlie Coyle 2 (Tyler Ennis 2, Justin Schultz 4) at 0:40
7. Islanders , Brayden Schenn 4 (Vladimir Tarasenko 6, Kevin Shattenkirk 4) at 11:29 (PP)
8. Sabres , Teuvo Teravainen 2 (Shayne Gostisbehere 5, Steven Stamkos 8) at 14:17
Penalties :
Brian Ferlin (NyI) for High sticking (Minor) at 3:33, Tyler Ennis (Buf) for Interference (Minor) at 5:27, Steven Stamkos (Buf) for Tripping (Minor) at 11:18, Ryan Ellis (NyI) for Interference (Minor) at 14:20
Goalie Stats
Juuse Saros (Buf), 22 saves from 25 shots - (0.880), W, 1-2-0, 60:00 minutes
Kaapo Kahkonen (NyI), 31 saves from 36 shots - (0.861), L, 0-1-0, 60:00 minutes
Players Stats for Sabres
Player Name G A P +/- PIM S H SB GA TA FO MP PP MP PK MP
------------------------------------------------------------------------------------
Brent Seabrook 0 0 0 3 0 1 1 2 0 1 0/0 18:22 1:27 1:50
Charlie Coyle 1 0 1 2 0 3 3 0 2 0 3/9 18:34 1:40 1:40
Chris Kreider 0 1 1 2 0 2 1 1 0 1 0/2 21:17 2:13 2:20
Christian Dvorak 0 0 0 0 0 0 0 0 0 0 1/2 6:52 0:00 0:00
Corey Perry 0 0 0 0 2 1 1 0 0 0 1/1 15:23 0:00 0:59
Dillon Heatherington 0 0 0 -1 0 0 3 0 0 0 0/0 14:32 0:00 0:00
Evgeni Malkin 0 0 0 0 0 0 0 0 0 0 1/3 14:30 0:00 0:00
Jimmy Vesey 0 0 0 0 0 0 0 0 1 0 0/0 14:52 0:00 0:46
Jonas Brodin 0 0 0 0 0 0 0 0 0 1 0/0 3:46 0:00 0:00
Justin Schultz 0 3 3 3 0 0 0 0 0 1 0/0 18:16 1:27 1:50
Mark Stone 0 1 1 2 0 3 0 0 0 0 0/0 16:11 1:40 0:00
Samuel Blais 0 0 0 0 0 0 1 0 0 0 0/0 6:37 0:00 0:00
Shayne Gostisbehere 0 2 2 2 0 2 4 1 1 1 0/0 26:18 2:26 2:32
Steven Stamkos 1 2 3 2 2 10 1 1 2 0 17/30 25:32 2:13 2:15
Teuvo Teravainen 2 0 2 2 0 3 2 0 0 0 1/3 18:11 2:13 0:00
Tyler Ennis 1 1 2 2 4 5 1 0 0 0 0/0 17:30 1:39 0:44
Tyson Barrie 0 0 0 -1 0 2 0 1 0 0 0/0 14:32 0:00 0:00
Victor Hedman 0 0 0 2 0 4 0 0 0 0 0/0 24:14 2:26 2:32
Players Stats for Islanders
Player Name G A P +/- PIM S H SB GA TA FO MP PP MP PK MP
------------------------------------------------------------------------------------
Brandon Sutter 0 0 0 -1 0 0 0 0 0 1 3/6 16:15 1:43 0:16
Brayden Schenn 1 1 2 -3 0 3 3 2 3 0 18/29 21:59 2:20 2:09
Brian Ferlin 0 0 0 0 2 1 0 0 0 0 0/0 8:36 0:25 0:00
Brock McGinn 0 0 0 -3 0 0 2 0 0 0 0/1 21:09 2:14 1:30
Emerson Etem 0 0 0 0 0 0 0 0 0 1 0/0 12:44 0:00 0:57
Gabriel Carlsson 0 1 1 -1 0 0 0 2 0 0 0/0 13:31 0:00 0:29
Garnet Hathaway 0 0 0 0 0 1 2 1 0 0 0/0 12:06 0:19 0:00
Jakob Silfverberg 0 0 0 -1 0 1 1 0 0 1 0/0 16:30 1:43 0:31
Joe Labate 0 0 0 0 0 0 1 0 0 0 0/1 8:12 0:00 0:00
Jordan Greenway 0 0 0 0 0 3 0 0 0 0 0/0 8:26 0:00 0:14
Kellan Lain 0 0 0 -1 0 5 2 0 0 0 0/1 15:59 1:43 0:00
Kevin Shattenkirk 0 1 1 0 0 0 0 2 0 0 0/0 19:36 2:18 1:26
Michael Latta 0 0 0 0 0 2 1 0 0 0 2/6 12:06 0:19 0:00
Nikita Zadorov 0 0 0 -3 0 1 4 1 0 0 0/0 27:10 2:04 2:27
Oliver Kylington 0 0 0 0 0 0 0 1 1 0 0/0 19:25 2:18 1:15
Ryan Ellis 1 0 1 -3 2 2 2 1 0 2 0/0 26:15 2:04 1:14
Slater Koekkoek 0 0 0 -1 0 0 0 2 0 1 0/0 14:02 0:00 0:55
Vladimir Tarasenko 1 1 2 -3 0 6 0 4 1 0 3/6 21:59 2:20 2:09
3 Stars
1 - Teuvo Teravainen (Buf)
2 - Steven Stamkos (Buf)
3 - Justin Schultz (Buf)
Power Play
Sabres - 0 on 2 Attempt(s) - 0.00%
Islanders - 2 on 4 Attempt(s) - 50.00%
Penalty Kill
Sabres - 2 on 4 Attempt(s) - 50.00%
- Score 0 goal in Penalty Kill
Islanders - 2 on 2 Attempt(s) - 100.00%
- Score 0 goal in Penalty Kill
Team Stat
Sabres - Hits : 18 - Faceoff Wins : 24 - Blocked Shots : 6 - Penalty Minutes : 8
Islanders - Hits : 18 - Faceoff Wins : 26 - Blocked Shots : 16 - Penalty Minutes : 4
Official
Referees : Tim Peel and Brandon Schrader
Linesman : Trent Knorr and Jesse Marquis
Game Notes
No Game Note
Finance
Level 1 -- Attendance: 5950 (99.17%) -- Ticket Income $595,000
Level 2 -- Attendance: 4534 (90.68%) -- Ticket Income $317,380
Level 3 -- Attendance: 2000 (100.00%) -- Ticket Income $80,000
Level 4 -- Attendance: 4000 (100.00%) -- Ticket Income $120,000
Luxury Box -- Attendance: 947 (94.70%) -- Ticket Income $189,400
Game was played at the Nassau Coliseum.
Total Attendance: 17431 (96.84%)
Total Ticket Income: $1,301,780
Other Income: $195,267
Total Income: $1,497,047
Sabres
5 vs 5 Forward
Center Left Wing Right Wing Time % Phy DF OF
1 Steven Stamkos Chris Kreider Teuvo Teravainen 40 1 2 2
2 Charlie Coyle Tyler Ennis Mark Stone 30 1 2 2
3 Evgeni Malkin Jimmy Vesey Corey Perry 20 1 2 2
4 Christian Dvorak Samuel Blais Steven Stamkos 10 1 2 2
5 vs 5 Defense
Defense Defense Time % Phy DF OF
1 Shayne Gostisbehere Victor Hedman 40 1 2 2
2 Justin Schultz Brent Seabrook 30 1 2 2
3 Tyson Barrie Dillon Heatherington 20 1 2 2
4 Jonas Brodin Shayne Gostisbehere 10 1 2 2
PowerPlay Forward
Center Left Wing Right Wing Time % Phy DF OF
1 Steven Stamkos Chris Kreider Teuvo Teravainen 60 1 2 2
2 Charlie Coyle Tyler Ennis Mark Stone 40 1 2 2
PowerPlay Defense
Defense Defense Time % Phy DF OF
1 Shayne Gostisbehere Victor Hedman 60 1 2 2
2 Justin Schultz Brent Seabrook 40 1 2 2
Penalty Kill 4 Players Forward
Center Wing Time % Phy DF OF
1 Steven Stamkos Chris Kreider 60 1 2 2
2 Tyler Ennis Charlie Coyle 40 1 2 2
Penalty Kill 4 Players Defense
Defense Defense Time % Phy DF OF
1 Shayne Gostisbehere Victor Hedman 60 1 2 2
2 Justin Schultz Brent Seabrook 40 1 2 2
Penalty Kill - 3 Players Forward
Forward Time % Phy DF OF
1 Steven Stamkos 60 1 2 2
2 Chris Kreider 40 1 2 2
Penalty Kill - 3 Players Defense
Defense Defense Time % Phy DF OF
1 Shayne Gostisbehere Victor Hedman 60 1 2 2
2 Justin Schultz Brent Seabrook 40 1 2 2
4 vs 4 Forward
Center Wing Time % Phy DF OF
1 Steven Stamkos Chris Kreider 60 1 2 2
2 Tyler Ennis Charlie Coyle 40 1 2 2
4 vs 4 Defense
Defense Defense Time % Phy DF OF
1 Shayne Gostisbehere Victor Hedman 60 1 2 2
2 Justin Schultz Brent Seabrook 40 1 2 2
Last Minutes Offensive
Center Left Wing Right Wing Defense Defense
Steven Stamkos Chris Kreider Teuvo Teravainen Shayne Gostisbehere Victor Hedman
Last Minutes Defensive
Center Left Wing Right Wing Defense Defense
Steven Stamkos Chris Kreider Teuvo Teravainen Shayne Gostisbehere Victor Hedman
Goaltenders
Starting : Juuse Saros
Backup : Igor Shesterkin
Extra Forwards
Normal : Evgeni Malkin, Jimmy Vesey, Corey Perry - PP : Evgeni Malkin, Jimmy Vesey - PK : Corey Perry
Extra Defensemen
Normal : Tyson Barrie, Dillon Heatherington, Jonas Brodin - PP : Tyson Barrie - PK : Dillon Heatherington, Jonas Brodin
Penalty Shots
Steven Stamkos, Chris Kreider, Tyler Ennis, Charlie Coyle, Evgeni Malkin
Custom OT Lines Forwards
Steven Stamkos, Chris Kreider, Tyler Ennis, Charlie Coyle, Evgeni Malkin, Teuvo Teravainen, Mark Stone, Jimmy Vesey, Corey Perry, Christian Dvorak
Custom OT Lines Defensemen
Shayne Gostisbehere, Victor Hedman, Justin Schultz, Brent Seabrook, Tyson Barrie
Scratches
Mathew Dumba (Bruised Right Shoulder Injury)
Islanders
5 vs 5 Forward
Center Left Wing Right Wing Time % Phy DF OF
1 Brayden Schenn Brock McGinn Vladimir Tarasenko 40 1 2 2
2 Brandon Sutter Kellan Lain Jakob Silfverberg 30 1 2 2
3 Michael Latta Emerson Etem Garnet Hathaway 20 1 2 2
4 Joe Labate Jordan Greenway Brian Ferlin 10 1 2 2
5 vs 5 Defense
Defense Defense Time % Phy DF OF
1 Ryan Ellis Nikita Zadorov 40 1 2 2
2 Kevin Shattenkirk Oliver Kylington 30 1 2 2
3 Gabriel Carlsson Slater Koekkoek 20 1 2 2
4 Ryan Ellis Nikita Zadorov 10 1 2 2
PowerPlay Forward
Center Left Wing Right Wing Time % Phy DF OF
1 Brayden Schenn Brock McGinn Vladimir Tarasenko 60 1 2 2
2 Brandon Sutter Kellan Lain Jakob Silfverberg 40 1 2 2
PowerPlay Defense
Defense Defense Time % Phy DF OF
1 Ryan Ellis Nikita Zadorov 60 1 2 2
2 Kevin Shattenkirk Oliver Kylington 40 1 2 2
Penalty Kill 4 Players Forward
Center Wing Time % Phy DF OF
1 Vladimir Tarasenko Brayden Schenn 60 1 2 2
2 Jakob Silfverberg Brock McGinn 40 1 2 2
Penalty Kill 4 Players Defense
Defense Defense Time % Phy DF OF
1 Ryan Ellis Nikita Zadorov 60 1 2 2
2 Kevin Shattenkirk Oliver Kylington 40 1 2 2
Penalty Kill - 3 Players Forward
Forward Time % Phy DF OF
1 Vladimir Tarasenko 60 1 2 2
2 Brayden Schenn 40 1 2 2
Penalty Kill - 3 Players Defense
Defense Defense Time % Phy DF OF
1 Ryan Ellis Nikita Zadorov 60 1 2 2
2 Kevin Shattenkirk Oliver Kylington 40 1 2 2
4 vs 4 Forward
Center Wing Time % Phy DF OF
1 Vladimir Tarasenko Brayden Schenn 60 1 2 2
2 Jakob Silfverberg Brock McGinn 40 1 2 2
4 vs 4 Defense
Defense Defense Time % Phy DF OF
1 Ryan Ellis Nikita Zadorov 60 1 2 2
2 Kevin Shattenkirk Oliver Kylington 40 1 2 2
Last Minutes Offensive
Center Left Wing Right Wing Defense Defense
Brayden Schenn Brock McGinn Vladimir Tarasenko Ryan Ellis Nikita Zadorov
Last Minutes Defensive
Center Left Wing Right Wing Defense Defense
Brayden Schenn Brock McGinn Vladimir Tarasenko Ryan Ellis Nikita Zadorov
Goaltenders
Starting : Kaapo Kahkonen
Backup : John Gibson
Extra Forwards
Normal : Garnet Hathaway, Michael Latta, Emerson Etem - PP : Garnet Hathaway, Michael Latta - PK : Emerson Etem
Extra Defensemen
Normal : Gabriel Carlsson, Slater Koekkoek, Kevin Shattenkirk - PP : Gabriel Carlsson - PK : Slater Koekkoek, Kevin Shattenkirk
Penalty Shots
Vladimir Tarasenko, Brayden Schenn, Jakob Silfverberg, Brock McGinn, Brandon Sutter
Custom OT Lines Forwards
Vladimir Tarasenko, Brayden Schenn, Jakob Silfverberg, Brock McGinn, Brandon Sutter, Kellan Lain, Garnet Hathaway, Michael Latta, Emerson Etem, Brian Ferlin
Custom OT Lines Defensemen
Ryan Ellis, Nikita Zadorov, Kevin Shattenkirk, Oliver Kylington, Gabriel Carlsson
Scratches
Dylan McIlrath (Left Eye Injury), Yann Sauvé (Left Ankle Injury)
% Time on Ice - Sabres
Lines # - Real PCT - Wanted PCT - Time Play
Normal Forward
1 - 34% - 40% - 17:22
2 - 29% - 30% - 15:02
3 - 24% - 20% - 12:39
4 - 13% - 10% - 6:37
Normal Defense
1 - 37% - 40% - 19:16
2 - 29% - 30% - 14:54
3 - 28% - 20% - 14:32
4 - 6% - 10% - 2:58
PP Forward
1 - 57% - 60% - 2:13
2 - 43% - 40% - 1:40
PP Defense
1 - 63% - 60% - 2:26
2 - 37% - 40% - 1:27
PK Forward
1 - 72% - 60% - 3:09
2 - 28% - 40% - 1:13
PK Defense
1 - 58% - 60% - 2:32
2 - 42% - 40% - 1:50
PK3 Forward
1 - 0% - 60%
2 - 0% - 40%
PK3 Defense
1 - 0% - 60%
2 - 0% - 40%
44 Forward
1 - 100% - 60% - 0:05
2 - 0% - 40% - 0:00
44 Defense
1 - 0% - 60% - 0:00
2 - 100% - 40% - 0:05
Last Minute Offensive - 0:00
Last Minute Defensive - 0:00
Total
Forward - 60:00
Defense - 60:00
|
% Time on Ice - Islanders
Lines # - Real PCT - Wanted PCT - Time Play
Normal Forward
1 - 35% - 40% - 17:51
2 - 28% - 30% - 14:16
3 - 22% - 20% - 11:21
4 - 16% - 10% - 8:12
Normal Defense
1 - 37% - 40% - 19:07
2 - 31% - 30% - 15:52
3 - 25% - 20% - 12:55
4 - 7% - 10% - 3:46
PP Forward
1 - 61% - 60% - 2:39
2 - 39% - 40% - 1:43
PP Defense
1 - 47% - 60% - 2:04
2 - 53% - 40% - 2:18
PK Forward
1 - 87% - 60% - 3:22
2 - 13% - 40% - 0:31
PK Defense
1 - 68% - 60% - 2:38
2 - 32% - 40% - 1:15
PK3 Forward
1 - 0% - 60%
2 - 0% - 40%
PK3 Defense
1 - 0% - 60%
2 - 0% - 40%
44 Forward
1 - 100% - 60% - 0:05
2 - 0% - 40% - 0:00
44 Defense
1 - 100% - 60% - 0:05
2 - 0% - 40% - 0:00
Last Minute Offensive - 0:00
Last Minute Defensive - 0:00
Total
Forward - 60:00
Defense - 60:00
|
Play-by-Play
1st period
0:01 of 1st period - Steven Stamkos wins face-off versus Brayden Schenn in neutral zone.
0:37 of 1st period - Wrist shot by Mark Stone.
0:37 of 1st period - Stopped by Kaapo Kahkonen with a rebound.
0:39 of 1st period - Wrist shot by Charlie Coyle.
0:39 of 1st period - Stopped by Kaapo Kahkonen with a rebound.
0:51 of 1st period - Justin Schultz is hit by Nikita Zadorov and loses puck.
1:10 of 1st period - Wrist shot by Steven Stamkos.
1:10 of 1st period - Stopped by Kaapo Kahkonen with a rebound.
1:48 of 1st period - Ryan Ellis is hit by Charlie Coyle and loses puck.
2:22 of 1st period - Justin Schultz is hit by Garnet Hathaway and loses puck.
2:43 of 1st period - Teuvo Teravainen is hit by Brayden Schenn.
3:48 of 1st period - Oliver Kylington is hit by Shayne Gostisbehere and loses puck.
4:14 of 1st period - Christian Dvorak is hit by Brayden Schenn.
4:24 of 1st period - Tyler Ennis is hit by Joe Labate and loses puck.
4:43 of 1st period - Snap shot by Michael Latta.
4:43 of 1st period - Stopped by Juuse Saros without a rebound.
4:44 of 1st period - Michael Latta wins face-off versus Charlie Coyle in Sabres zone.
4:51 of 1st period - Wrist shot by Michael Latta.
4:51 of 1st period - Shot Misses the Net.
4:53 of 1st period - Wrist shot by Michael Latta.
4:53 of 1st period - Shot Misses the Net.
5:19 of 1st period - Slapshot by Teuvo Teravainen.
5:19 of 1st period - Stopped by Kaapo Kahkonen with a rebound.
5:33 of 1st period - Jonas Brodin is hit by Kellan Lain and loses puck.
5:40 of 1st period - Brandon Sutter is hit by Shayne Gostisbehere and loses puck.
5:54 of 1st period - Off-side.
5:55 of 1st period - Christian Dvorak wins face-off versus Joe Labate in neutral zone.
6:08 of 1st period - Snap shot by Jordan Greenway.
6:08 of 1st period - Stopped by Juuse Saros with a rebound.
6:10 of 1st period - Slapshot by Nikita Zadorov.
6:10 of 1st period - Shot Misses the Net.
7:03 of 1st period - Wrist shot by Garnet Hathaway.
7:03 of 1st period - Stopped by Juuse Saros without a rebound.
7:04 of 1st period - Steven Stamkos wins face-off versus Michael Latta in Sabres zone.
7:11 of 1st period - Wrist shot by Emerson Etem.
7:11 of 1st period - Shot Misses the Net.
7:13 of 1st period - Slapshot by Nikita Zadorov.
7:13 of 1st period - Shot Blocked by Chris Kreider.
7:15 of 1st period - Wrist shot by Emerson Etem.
7:15 of 1st period - Shot Blocked by Steven Stamkos.
7:31 of 1st period - Snap shot by Michael Latta.
7:31 of 1st period - Stopped by Juuse Saros without a rebound.
7:32 of 1st period - Charlie Coyle wins face-off versus Brayden Schenn in Sabres zone.
7:45 of 1st period - Snap shot by Vladimir Tarasenko.
7:45 of 1st period - Shot Misses the Net.
7:47 of 1st period - Snap shot by Brayden Schenn.
7:47 of 1st period - Stopped by Juuse Saros without a rebound.
7:48 of 1st period - Steven Stamkos wins face-off versus Brandon Sutter in Sabres zone.
7:55 of 1st period - Slapshot by Steven Stamkos.
7:55 of 1st period - Shot Misses the Net.
8:28 of 1st period - Wrist shot by Chris Kreider.
8:28 of 1st period - Shot Misses the Net.
8:30 of 1st period - Slapshot by Shayne Gostisbehere.
8:30 of 1st period - Shot Blocked by Garnet Hathaway.
8:32 of 1st period - Slapshot by Shayne Gostisbehere.
8:32 of 1st period - Stopped by Kaapo Kahkonen with a rebound.
8:34 of 1st period - Snap shot by Steven Stamkos.
8:34 of 1st period - Shot Misses the Net.
8:48 of 1st period - Slapshot by Steven Stamkos.
8:48 of 1st period - Shot Misses the Net.
8:50 of 1st period - Snap shot by Chris Kreider.
8:50 of 1st period - Stopped by Kaapo Kahkonen with a rebound.
8:52 of 1st period - Slapshot by Victor Hedman.
8:52 of 1st period - Deflect By Teuvo Teravainen.
8:52 of 1st period - Shot Misses the Net.
8:52 of 1st period - Puck is out of play.
8:53 of 1st period - Vladimir Tarasenko wins face-off versus Charlie Coyle in Islanders zone.
9:32 of 1st period - Snap shot by Kellan Lain.
9:32 of 1st period - Stopped by Juuse Saros with a rebound.
9:34 of 1st period - Minor Penalty to Corey Perry for Slashing.
9:35 of 1st period - Steven Stamkos wins face-off versus Brayden Schenn in Sabres zone.
10:06 of 1st period - Snap shot by Kellan Lain.
10:06 of 1st period - Stopped by Juuse Saros without a rebound.
10:07 of 1st period - Steven Stamkos wins face-off versus Brayden Schenn in Sabres zone.
11:34 of 1st period - Penalty to Corey Perry is over, Corey Perry is back on ice.
11:52 of 1st period - Snap shot by Tyson Barrie.
11:52 of 1st period - Stopped by Kaapo Kahkonen with a rebound.
12:04 of 1st period - Slapshot by Ryan Ellis.
12:04 of 1st period - Shot Misses the Net.
15:22 of 1st period - Off-side.
15:23 of 1st period - Brandon Sutter wins face-off versus Evgeni Malkin in neutral zone.
15:30 of 1st period - Snap shot by Kellan Lain.
15:30 of 1st period - Shot Misses the Net.
15:53 of 1st period - Wrist shot by Vladimir Tarasenko.
15:53 of 1st period - Goal by Vladimir Tarasenko - Sabres : 0 - Islanders : 1.
15:54 of 1st period - Steven Stamkos wins face-off versus Brayden Schenn in neutral zone.
15:57 of 1st period - Snap shot by Shayne Gostisbehere.
15:57 of 1st period - Shot Misses the Net.
15:59 of 1st period - Snap shot by Teuvo Teravainen.
15:59 of 1st period - Shot Misses the Net.
16:01 of 1st period - Slapshot by Teuvo Teravainen.
16:01 of 1st period - Goal by Teuvo Teravainen - Sabres : 1 - Islanders : 1.
16:02 of 1st period - Brayden Schenn wins face-off versus Chris Kreider in neutral zone.
16:04 of 1st period - Off-side.
16:05 of 1st period - Brayden Schenn wins face-off versus Steven Stamkos in neutral zone.
16:18 of 1st period - Snap shot by Chris Kreider.
16:18 of 1st period - Shot Blocked by Vladimir Tarasenko.
16:20 of 1st period - Slapshot by Victor Hedman.
16:20 of 1st period - Stopped by Kaapo Kahkonen with a rebound.
16:34 of 1st period - Slapshot by Jakob Silfverberg.
16:34 of 1st period - Shot Misses the Net.
17:47 of 1st period - Snap shot by Tyler Ennis.
17:47 of 1st period - Shot Blocked by Oliver Kylington.
17:49 of 1st period - Slapshot by Justin Schultz.
17:49 of 1st period - Shot Blocked by Kevin Shattenkirk.
18:19 of 1st period - Emerson Etem is hit by Steven Stamkos and loses puck.
18:44 of 1st period - Minor Penalty to Tyler Ennis for Hooking.
18:45 of 1st period - Brayden Schenn wins face-off versus Steven Stamkos in Sabres zone.
18:56 of 1st period - Snap shot by Vladimir Tarasenko.
18:56 of 1st period - Stopped by Juuse Saros with a rebound.
18:58 of 1st period - Snap shot by Vladimir Tarasenko.
18:58 of 1st period - Shot Blocked by Shayne Gostisbehere.
19:00 of 1st period - Snap shot by Brayden Schenn.
19:00 of 1st period - Stopped by Juuse Saros without a rebound.
19:01 of 1st period - Brayden Schenn wins face-off versus Chris Kreider in Sabres zone.
19:02 of 1st period - Slapshot by Ryan Ellis.
19:02 of 1st period - Goal by Ryan Ellis - Sabres : 1 - Islanders : 2.
19:03 of 1st period - Brayden Schenn wins face-off versus Steven Stamkos in neutral zone.
19:30 of 1st period - Charlie Coyle is hit by Kellan Lain and loses puck.
19:38 of 1st period - Shayne Gostisbehere is hit by Nikita Zadorov and loses puck.
19:41 of 1st period - Wrist shot by Charlie Coyle.
19:41 of 1st period - Stopped by Kaapo Kahkonen with a rebound.
Goals for this period are 1 for Sabres vs 2 for Islanders.
Shots for this period are 10 for Sabres vs 11 for Islanders.
2nd period
0:01 of 2nd period - Brayden Schenn wins face-off versus Steven Stamkos in neutral zone.
0:06 of 2nd period - Slapshot by Ryan Ellis.
0:06 of 2nd period - Deflect By Brock McGinn.
0:06 of 2nd period - Shot Misses the Net.
0:06 of 2nd period - Puck is out of play.
0:07 of 2nd period - Brayden Schenn wins face-off versus Steven Stamkos in Sabres zone.
0:08 of 2nd period - Snap shot by Vladimir Tarasenko.
0:08 of 2nd period - Shot Misses the Net.
0:24 of 2nd period - Slapshot by Steven Stamkos.
0:24 of 2nd period - Stopped by Kaapo Kahkonen without a rebound.
0:25 of 2nd period - Brandon Sutter wins face-off versus Charlie Coyle in Islanders zone.
0:25 of 2nd period - Brandon Sutter is hit by Shayne Gostisbehere.
0:51 of 2nd period - Teuvo Teravainen is hit by Brock McGinn.
1:51 of 2nd period - Snap shot by Steven Stamkos.
1:51 of 2nd period - Stopped by Kaapo Kahkonen with a rebound.
1:53 of 2nd period - Slapshot by Tyson Barrie.
1:53 of 2nd period - Shot Misses the Net.
1:55 of 2nd period - Slapshot by Tyson Barrie.
1:55 of 2nd period - Stopped by Kaapo Kahkonen with a rebound.
2:07 of 2nd period - Backhand shot by Steven Stamkos.
2:07 of 2nd period - Deflect By Chris Kreider.
2:07 of 2nd period - Shot Misses the Net.
2:07 of 2nd period - Puck is out of play.
2:08 of 2nd period - Brayden Schenn wins face-off versus Steven Stamkos in Islanders zone.
4:08 of 2nd period - Brian Ferlin is hit by Dillon Heatherington and loses puck.
5:00 of 2nd period - Backhand shot by Brandon Sutter.
5:00 of 2nd period - Shot Blocked by Brent Seabrook.
5:56 of 2nd period - Evgeni Malkin is hit by Garnet Hathaway and loses puck.
7:10 of 2nd period - Wrist shot by Christian Dvorak.
7:10 of 2nd period - Shot Misses the Net.
8:00 of 2nd period - Snap shot by Jordan Greenway.
8:00 of 2nd period - Shot Hit the Post.
8:02 of 2nd period - Snap shot by Jordan Greenway.
8:02 of 2nd period - Shot Misses the Net.
9:01 of 2nd period - Icing by Tyler Ennis.
9:02 of 2nd period - Charlie Coyle wins face-off versus Vladimir Tarasenko in Sabres zone.
9:14 of 2nd period - Icing by Brock McGinn.
9:15 of 2nd period - Steven Stamkos wins face-off versus Kellan Lain in Islanders zone.
9:32 of 2nd period - Slapshot by Steven Stamkos.
9:32 of 2nd period - Stopped by Kaapo Kahkonen without a rebound.
9:33 of 2nd period - Charlie Coyle wins face-off versus Brayden Schenn in Islanders zone.
9:36 of 2nd period - Snap shot by Tyler Ennis.
9:36 of 2nd period - Shot Misses the Net.
9:38 of 2nd period - Slapshot by Mark Stone.
9:38 of 2nd period - Stopped by Kaapo Kahkonen with a rebound.
9:40 of 2nd period - Slapshot by Victor Hedman.
9:40 of 2nd period - Stopped by Kaapo Kahkonen without a rebound.
9:41 of 2nd period - Brayden Schenn wins face-off versus Charlie Coyle in Islanders zone.
9:48 of 2nd period - Slapshot by Nikita Zadorov.
9:48 of 2nd period - Stopped by Juuse Saros without a rebound.
9:49 of 2nd period - Brayden Schenn wins face-off versus Steven Stamkos in Sabres zone.
10:00 of 2nd period - Wrist shot by Steven Stamkos.
10:00 of 2nd period - Shot Misses the Net.
12:11 of 2nd period - Icing by Corey Perry.
12:12 of 2nd period - Brayden Schenn wins face-off versus Evgeni Malkin in Sabres zone.
12:13 of 2nd period - Wrist shot by Vladimir Tarasenko.
12:13 of 2nd period - Shot Misses the Net.
12:55 of 2nd period - Slapshot by Jimmy Vesey.
12:55 of 2nd period - Shot Misses the Net.
13:05 of 2nd period - Snap shot by Vladimir Tarasenko.
13:05 of 2nd period - Stopped by Juuse Saros without a rebound.
13:06 of 2nd period - Steven Stamkos wins face-off versus Brandon Sutter in Sabres zone.
13:33 of 2nd period - Shayne Gostisbehere is hit by Ryan Ellis and loses puck.
13:44 of 2nd period - Snap shot by Tyler Ennis.
13:44 of 2nd period - Stopped by Kaapo Kahkonen with a rebound.
14:02 of 2nd period - Wrist shot by Brian Ferlin.
14:02 of 2nd period - Shot Misses the Net.
14:04 of 2nd period - Wrist shot by Joe Labate.
14:04 of 2nd period - Shot Misses the Net.
14:06 of 2nd period - Wrist shot by Joe Labate.
14:06 of 2nd period - Deflect By Brent Seabrook.
14:06 of 2nd period - Shot Misses the Net.
14:06 of 2nd period - Puck is out of play.
14:07 of 2nd period - Steven Stamkos wins face-off versus Brandon Sutter in Sabres zone.
14:32 of 2nd period - Snap shot by Brayden Schenn.
14:32 of 2nd period - Shot Misses the Net.
14:36 of 2nd period - Wrist shot by Vladimir Tarasenko.
14:36 of 2nd period - Stopped by Juuse Saros without a rebound.
14:37 of 2nd period - Brayden Schenn wins face-off versus Steven Stamkos in Sabres zone.
14:46 of 2nd period - Snap shot by Chris Kreider.
14:46 of 2nd period - Deflect By Steven Stamkos.
14:46 of 2nd period - Stopped by Kaapo Kahkonen with a rebound.
14:48 of 2nd period - Slapshot by Justin Schultz.
14:48 of 2nd period - Shot Misses the Net.
14:50 of 2nd period - Snap shot by Chris Kreider.
14:50 of 2nd period - Deflect By Steven Stamkos.
14:50 of 2nd period - Goal by Steven Stamkos - Sabres : 2 - Islanders : 2.
14:51 of 2nd period - Steven Stamkos wins face-off versus Brayden Schenn in neutral zone.
15:00 of 2nd period - Snap shot by Steven Stamkos.
15:00 of 2nd period - Shot Misses the Net.
15:02 of 2nd period - Slapshot by Victor Hedman.
15:02 of 2nd period - Stopped by Kaapo Kahkonen without a rebound.
15:03 of 2nd period - Brayden Schenn wins face-off versus Teuvo Teravainen in Islanders zone.
15:30 of 2nd period - Charlie Coyle is hit by Jakob Silfverberg and loses puck.
15:37 of 2nd period - Snap shot by Jakob Silfverberg.
15:37 of 2nd period - Stopped by Juuse Saros with a rebound.
15:39 of 2nd period - Wrist shot by Kellan Lain.
15:39 of 2nd period - Stopped by Juuse Saros with a rebound.
15:41 of 2nd period - Wrist shot by Kellan Lain.
15:41 of 2nd period - Stopped by Juuse Saros with a rebound.
16:11 of 2nd period - Slapshot by Victor Hedman.
16:11 of 2nd period - Shot Blocked by Slater Koekkoek.
16:32 of 2nd period - Vladimir Tarasenko is hit by Charlie Coyle.
16:38 of 2nd period - Snap shot by Tyler Ennis.
16:38 of 2nd period - Stopped by Kaapo Kahkonen without a rebound.
16:39 of 2nd period - Brayden Schenn wins face-off versus Charlie Coyle in Islanders zone.
16:50 of 2nd period - Wrist shot by Mark Stone.
16:50 of 2nd period - Stopped by Kaapo Kahkonen with a rebound.
16:52 of 2nd period - Slapshot by Justin Schultz.
16:52 of 2nd period - Deflect By Tyler Ennis.
16:52 of 2nd period - Goal by Tyler Ennis - Sabres : 3 - Islanders : 2.
16:53 of 2nd period - Steven Stamkos wins face-off versus Brock McGinn in neutral zone.
16:56 of 2nd period - Brock McGinn is hit by Teuvo Teravainen and loses puck.
17:05 of 2nd period - Ryan Ellis is hit by Teuvo Teravainen and loses puck.
18:20 of 2nd period - Brian Ferlin is hit by Samuel Blais and loses puck.
19:14 of 2nd period - Snap shot by Steven Stamkos.
19:14 of 2nd period - Stopped by Kaapo Kahkonen without a rebound.
19:15 of 2nd period - Steven Stamkos wins face-off versus Brayden Schenn in Islanders zone.
19:16 of 2nd period - Wrist shot by Chris Kreider.
19:16 of 2nd period - Shot Misses the Net.
Goals for this period are 2 for Sabres vs 0 for Islanders.
Shots for this period are 14 for Sabres vs 6 for Islanders.
3rd period
0:01 of 3rd period - Brayden Schenn wins face-off versus Steven Stamkos in neutral zone.
0:40 of 3rd period - Snap shot by Charlie Coyle.
0:40 of 3rd period - Goal by Charlie Coyle - Sabres : 4 - Islanders : 2.
0:41 of 3rd period - Brayden Schenn wins face-off versus Steven Stamkos in neutral zone.
0:44 of 3rd period - Wrist shot by Chris Kreider.
0:44 of 3rd period - Shot Blocked by Vladimir Tarasenko.
0:54 of 3rd period - Slapshot by Brayden Schenn.
0:54 of 3rd period - Deflect By Vladimir Tarasenko.
0:54 of 3rd period - Stopped by Juuse Saros with a rebound.
1:08 of 3rd period - Ryan Ellis is hit by Tyler Ennis and loses puck.
1:17 of 3rd period - Wrist shot by Tyler Ennis.
1:17 of 3rd period - Stopped by Kaapo Kahkonen with a rebound.
1:19 of 3rd period - Wrist shot by Charlie Coyle.
1:19 of 3rd period - Shot Blocked by Nikita Zadorov.
1:21 of 3rd period - Slapshot by Justin Schultz.
1:21 of 3rd period - Shot Misses the Net.
1:43 of 3rd period - Ryan Ellis is hit by Dillon Heatherington and loses puck.
2:22 of 3rd period - Wrist shot by Tyler Ennis.
2:22 of 3rd period - Stopped by Kaapo Kahkonen with a rebound.
2:24 of 3rd period - Snap shot by Mark Stone.
2:24 of 3rd period - Shot Misses the Net.
3:06 of 3rd period - Wrist shot by Evgeni Malkin.
3:06 of 3rd period - Deflect By Corey Perry.
3:06 of 3rd period - Stopped by Kaapo Kahkonen with a rebound.
3:33 of 3rd period - Minor Penalty to Brian Ferlin for High sticking.
3:34 of 3rd period - Steven Stamkos wins face-off versus Vladimir Tarasenko in Islanders zone.
3:39 of 3rd period - Snap shot by Steven Stamkos.
3:39 of 3rd period - Shot Misses the Net.
3:41 of 3rd period - Slapshot by Shayne Gostisbehere.
3:41 of 3rd period - Shot Blocked by Vladimir Tarasenko.
3:43 of 3rd period - Backhand shot by Steven Stamkos.
3:43 of 3rd period - Shot Blocked by Brayden Schenn.
3:45 of 3rd period - Slapshot by Shayne Gostisbehere.
3:45 of 3rd period - Deflect By Vladimir Tarasenko.
3:45 of 3rd period - Stopped by Kaapo Kahkonen without a rebound.
3:46 of 3rd period - Vladimir Tarasenko wins face-off versus Teuvo Teravainen in Islanders zone.
3:46 of 3rd period - Vladimir Tarasenko is hit by Shayne Gostisbehere.
4:20 of 3rd period - Slapshot by Brent Seabrook.
4:20 of 3rd period - Shot Hit the Post.
4:22 of 3rd period - Slapshot by Tyler Ennis.
4:22 of 3rd period - Shot Blocked by Ryan Ellis.
5:27 of 3rd period - Minor Penalty to Tyler Ennis for Interference.
5:28 of 3rd period - Vladimir Tarasenko wins face-off versus Steven Stamkos in Sabres zone.
5:33 of 3rd period - Penalty to Brian Ferlin is over, Brian Ferlin is back on ice.
5:43 of 3rd period - Slapshot by Nikita Zadorov.
5:43 of 3rd period - Shot Misses the Net.
7:18 of 3rd period - Victor Hedman is hit by Nikita Zadorov and loses puck.
7:27 of 3rd period - Penalty to Tyler Ennis is over, Tyler Ennis is back on ice.
7:31 of 3rd period - Victor Hedman is hit by Ryan Ellis and loses puck.
7:56 of 3rd period - Joe Labate is hit by Chris Kreider and loses puck.
8:06 of 3rd period - Off-side.
8:07 of 3rd period - Evgeni Malkin wins face-off versus Michael Latta in neutral zone.
8:12 of 3rd period - Slapshot by Brent Seabrook.
8:12 of 3rd period - Deflect By Garnet Hathaway.
8:12 of 3rd period - Stopped by Kaapo Kahkonen with a rebound.
8:14 of 3rd period - Slapshot by Jimmy Vesey.
8:14 of 3rd period - Shot Blocked by Kevin Shattenkirk.
8:39 of 3rd period - Tyler Ennis is hit by Brayden Schenn and loses puck.
9:05 of 3rd period - Backhand shot by Kellan Lain.
9:05 of 3rd period - Stopped by Juuse Saros without a rebound.
9:06 of 3rd period - Brayden Schenn wins face-off versus Christian Dvorak in Sabres zone.
9:33 of 3rd period - Slapshot by Charlie Coyle.
9:33 of 3rd period - Shot Misses the Net.
9:57 of 3rd period - Slapshot by Kellan Lain.
9:57 of 3rd period - Shot Misses the Net.
10:03 of 3rd period - Brandon Sutter is hit by Corey Perry and loses puck.
10:18 of 3rd period - Wrist shot by Jimmy Vesey.
10:18 of 3rd period - Shot Misses the Net.
10:20 of 3rd period - Snap shot by Brent Seabrook.
10:20 of 3rd period - Shot Blocked by Gabriel Carlsson.
10:22 of 3rd period - Wrist shot by Jimmy Vesey.
10:22 of 3rd period - Shot Blocked by Slater Koekkoek.
10:24 of 3rd period - Snap shot by Evgeni Malkin.
10:24 of 3rd period - Deflect By Corey Perry.
10:24 of 3rd period - Shot Blocked by Gabriel Carlsson.
10:24 of 3rd period - Puck is out of play.
10:25 of 3rd period - Michael Latta wins face-off versus Steven Stamkos in Islanders zone.
10:33 of 3rd period - Slapshot by Ryan Ellis.
10:33 of 3rd period - Stopped by Juuse Saros without a rebound.
10:34 of 3rd period - Steven Stamkos wins face-off versus Michael Latta in Sabres zone.
10:43 of 3rd period - Snap shot by Chris Kreider.
10:43 of 3rd period - Shot Misses the Net.
11:18 of 3rd period - Minor Penalty to Steven Stamkos for Tripping.
11:19 of 3rd period - Corey Perry wins face-off versus Brayden Schenn in Sabres zone.
11:27 of 3rd period - Backhand shot by Brayden Schenn.
11:27 of 3rd period - Shot Blocked by Brent Seabrook.
11:29 of 3rd period - Snap shot by Brayden Schenn.
11:29 of 3rd period - Goal by Brayden Schenn - Sabres : 4 - Islanders : 3.
11:30 of 3rd period - Steven Stamkos wins face-off versus Brayden Schenn in neutral zone.
12:27 of 3rd period - Oliver Kylington is hit by Dillon Heatherington and loses puck.
13:20 of 3rd period - Snap shot by Jordan Greenway.
13:20 of 3rd period - Stopped by Juuse Saros with a rebound.
13:22 of 3rd period - Snap shot by Ryan Ellis.
13:22 of 3rd period - Shot Misses the Net.
13:24 of 3rd period - Backhand shot by Ryan Ellis.
13:24 of 3rd period - Shot Blocked by Tyson Barrie.
13:26 of 3rd period - Snap shot by Jordan Greenway.
13:26 of 3rd period - Stopped by Juuse Saros without a rebound.
13:27 of 3rd period - Brayden Schenn wins face-off versus Steven Stamkos in Sabres zone.
13:28 of 3rd period - Snap shot by Vladimir Tarasenko.
13:28 of 3rd period - Stopped by Juuse Saros with a rebound.
13:36 of 3rd period - Wrist shot by Chris Kreider.
13:36 of 3rd period - Stopped by Kaapo Kahkonen without a rebound.
13:37 of 3rd period - Teuvo Teravainen wins face-off versus Brayden Schenn in Islanders zone.
14:09 of 3rd period - Wrist shot by Teuvo Teravainen.
14:09 of 3rd period - Shot Blocked by Brayden Schenn.
14:13 of 3rd period - Backhand shot by Steven Stamkos.
14:13 of 3rd period - Stopped by Kaapo Kahkonen with a rebound.
14:15 of 3rd period - Wrist shot by Teuvo Teravainen.
14:15 of 3rd period - Shot Blocked by Vladimir Tarasenko.
14:17 of 3rd period - Slapshot by Shayne Gostisbehere.
14:17 of 3rd period - Deflect By Teuvo Teravainen.
14:17 of 3rd period - Goal by Teuvo Teravainen - Sabres : 5 - Islanders : 3.
14:18 of 3rd period - Brandon Sutter wins face-off versus Charlie Coyle in neutral zone.
14:20 of 3rd period - Minor Penalty to Ryan Ellis for Interference.
14:21 of 3rd period - Steven Stamkos wins face-off versus Vladimir Tarasenko in Islanders zone.
14:23 of 3rd period - Snap shot by Steven Stamkos.
14:23 of 3rd period - Stopped by Kaapo Kahkonen with a rebound.
14:33 of 3rd period - Wrist shot by Steven Stamkos.
14:33 of 3rd period - Stopped by Kaapo Kahkonen with a rebound.
14:35 of 3rd period - Slapshot by Victor Hedman.
14:35 of 3rd period - Stopped by Kaapo Kahkonen with a rebound.
14:59 of 3rd period - Brock McGinn is hit by Brent Seabrook.
15:03 of 3rd period - Tyler Ennis is hit by Nikita Zadorov and loses puck.
16:20 of 3rd period - Penalty to Ryan Ellis is over, Ryan Ellis is back on ice.
16:33 of 3rd period - Slapshot by Ryan Ellis.
16:33 of 3rd period - Shot Misses the Net.
17:21 of 3rd period - Dillon Heatherington is hit by Brock McGinn and loses puck.
17:55 of 3rd period - Wrist shot by Brian Ferlin.
17:55 of 3rd period - Stopped by Juuse Saros without a rebound.
17:56 of 3rd period - Steven Stamkos wins face-off versus Michael Latta in Sabres zone.
17:56 of 3rd period - Steven Stamkos is hit by Michael Latta.
18:12 of 3rd period - Garnet Hathaway is hit by Charlie Coyle and loses puck.
Goals for this period are 2 for Sabres vs 1 for Islanders.
Shots for this period are 12 for Sabres vs 8 for Islanders.